 Dungeon Crawl Stone Soup version bcrawl-1.17.3 (webtiles) character file.

Game seed: 17173324710767726049

46 Mrkan the Skirmisher (level 3, -1/34 HPs)
             Began as a Hill Orc Fighter on Oct 30, 2019.
             Was a Follower of Zin.
             Slain by a gnoll
             ... wielding a +0 whip
              (7 damage)
             ... on level 3 of the Dungeon.
             The game lasted 00:03:14 (1321 turns).

Mrkan the Skirmisher (Hill Orc Fighter)             Turns: 1321, Time: 00:03:14

Health: -1/34      AC:  8    Str: 23    XL:     3   Next: 66%
Magic:  3/3        EV:  7    Int:  8    God:    Zin [*.....]
Gold:   120        SH:  9    Dex: 11    Spells: 2/2 levels left

rFire    . . .     SeeInvis .   a - +0 war axe
rCold    . . .     Gourm    .   c - +0 shield
rNeg     . . .     Faith    .   b - +0 scale mail
rPois    .         Spirit   .   (no helmet)
rElec    .         Reflect  .   i - +0 cloak
rCorr    .         Harm     .   (no gloves)
MR       .....                  (no boots)
Stlth    ..........             (no amulet)
HPRegen  0.11/turn              (no ring)
MPRegen  0.08/turn              (no ring)

@: mighty
A: no striking features
a: Recite, Donate Gold, Renounce Religion


You were on level 3 of the Dungeon.
You worshipped Zin.
Zin was aware of your devotion.
You were not hungry.

You visited 1 branch of the dungeon, and saw 3 of its levels.

You collected 133 gold pieces.
You donated 13 gold pieces to Zin.

Inventory:

Hand Weapons
 a - a +0 war axe (weapon)
Armour
 b - a +0 scale mail (worn)
 c - a +0 shield (worn)
 i - a +0 cloak (worn)
Scrolls
 h - a scroll of amnesia {unknown}
 j - a scroll of fear {unknown}
 l - a scroll of teleportation {unknown}
 m - a scroll of identify {unknown}
 o - a scroll of enchant armour {unknown}
Potions
 d - a potion of might
 e - 2 potions of haste {unknown}
 g - a potion of degeneration {unknown}
 n - a potion of flight {unknown}
Comestibles
 f - 6 rations {!d}
 k - a chunk of flesh


   Skills:
 * Level 4.5 Fighting
   Level 4.5 Short Blades
   Level 4.5 Long Blades
   Level 4.5 Axes
   Level 4.5 Maces & Flails
   Level 4.5 Polearms
   Level 4.5 Staves
 + Level 3.7 Armour
 + Level 3.7 Shields
   Level 4.5 Unarmed Combat
 + Level 0.8 Invocations


You had 2 spell levels left.
You didn't know any spells.
Your spell library was empty.

Dungeon Overview and Level Annotations

Branches:
Dungeon (3/12)

Altars:
Uskayaw
Zin


Message History

You closely miss the gnoll.
The gnoll is almost dead.
You closely miss the gnoll. You hit the gnoll but do no damage.
You block the gnoll's attack. x2; The gnoll hits you but does no damage.
The gnoll hits you with a +0 whip.
You hit the gnoll but do no damage.
The gnoll is almost dead.
You completely miss the gnoll. You hit the gnoll.
The gnoll completely misses you. The gnoll closely misses you.
The gnoll hits you but does no damage.
You closely miss the gnoll.
The gnoll is almost dead.
Your shield and scale mail prevent you from hitting the gnoll.
You hit the gnoll but do no damage. You barely miss the worm.
You block the gnoll's attack. The gnoll hits you but does no damage.
The gnoll barely misses you. The worm bites you!
* * * LOW HITPOINT WARNING * * *
You feel very mighty all of a sudden. The gnoll hits you but does no damage.
The gnoll hits you with a +0 whip!
You die...

#.. #.......).
#.###..####...
#...#..# #... .
#.#.#..####... ♣.♣
#........[#... .. ♣♣
#.#..)).#+#...
♣.♣.♣♣
#.............
♣.gw♣♣#...#.†.......
♣@g♣#...##........
♣♣g♣#.............
♣..........#+##.#
♣♣♣#.......# .#
#......... #
#......##.# #.....>#
# #........
#......<#


You could see a worm and 3 gnolls.

Vanquished Creatures
  A worm (D:2)
  A dart slug (D:1)
  3 leopard geckos
  2 giant cockroaches
  2 goblins
  9 hobgoblins
  A ball python (D:2)
  5 bats
  4 frilled lizards
  3 kobolds
  5 rats
36 creatures vanquished.

Notes
Turn   | Place    | Note
-------+----------+-------------------------------------------
     0 | D:1      | Mrkan the Hill Orc Fighter began the quest for the Orb.
     0 | D:1      | Reached XP level 1. HP: 20/20 MP: 1/1
   210 | D:1      | Reached XP level 2. HP: 25/27 MP: 2/2
   678 | D:2      | Found a glowing silver altar of Zin.
   682 | D:2      | Found a hide-covered altar of Uskayaw.
   686 | D:2      | Became a worshipper of Zin the Law-Giver
   711 | D:2      | Reached * piety under Zin
   756 | D:2      | Reached XP level 3. HP: 34/34 MP: 3/3
  1321 | D:3      | Slain by a gnoll

Action                   || total
-------------------------++-------
Melee: War axe           ||   123
  Use: Potion            ||     1
  Eat: Chunk             ||     2
Armor: Scale mail        ||    58
Dodge: Dodged            ||    43
Block: Shield            ||    59
